 Dungeon Sprint DCSS version 0.21-a0-274-gc1afaeb (webtiles) character file.

2640 potatolord6000 the Fighter (level 9, 0/90 HPs)
             Began as a Minotaur Fighter on Sept 18, 2017.
             Was a High Priest of Okawaru.
             Slain by Urug
             ... wielding a +5 great mace of crushing
              (15 damage)
             ... in the Dungeon (Sprint VII: "The Pits").
             The game lasted 00:03:07 (958 turns).

potatolord6000 the Fighter (Minotaur Fighter)        Turns: 958, Time: 00:03:07

Health: 0/90       AC: 17    Str: 23    XL:     9   Next: 35%
Magic:  14/15      EV: 19    Int:  8    God:    Okawaru [*****.]
Gold:   0          SH:  0    Dex: 11    Spells: 8/8 levels left

rFire    . . .     SeeInvis .   r - +2 long sword (flame)
rCold    . . .     Gourm    .   (no shield)
rNeg     . . .     Faith    .   u - +2 chain mail {MR+}
rPois    .         Spirit   .   (helmet restricted)
rElec    .         Reflect  .   (no cloak)
rCorr    .         Harm     .   t - +0 pair of gloves
MR       +....     NoTele   +   (no boots)
Stlth    ..........             (no amulet)
HPRegen  0.25/turn              b - +3 ring of intelligence
MPRegen  0.14/turn              c - +3 ring of evasion

@: heroism
A: retaliatory headbutt, horns 2
a: Heroism, Finesse, Renounce Religion


You were in the Dungeon.
You worshipped Okawaru.
Okawaru was extremely pleased with you.
You were not hungry.

You visited 1 branch

Inventory:

Hand Weapons
 r - a +2 long sword of flaming (weapon)
Armour
 t - a +0 pair of gloves (worn)
 u - a +2 chain mail of magic resistance (worn)
Jewellery
 b - a +3 ring of intelligence (left hand)
 c - a +3 ring of evasion (right hand)
Scrolls
 k - a scroll of blinking
 m - 3 scrolls of remove curse
 n - 5 scrolls of amnesia
 o - a scroll of summoning
Potions
 d - 5 potions of might
 e - 5 potions of curing
 g - 10 potions of heal wounds
 h - a potion of haste
 i - 4 potions of magic
 j - 3 potions of berserk rage
 l - 2 potions of invisibility
 s - a potion of brilliance
Comestibles
 f - 8 bread rations
 p - 40 fruits
 q - 7 meat rations


   Skills:
 + Level 12.0(17.0) Fighting
 + Level 11.7(16.7) Long Blades
 + Level 12.0(17.0) Armour
 + Level 10.6(15.6) Dodging
   Level 3.6(8.6) Shields
 + Level 9.7 Invocations


You had 8 spell levels left.
You didn't know any spells.

Dungeon Overview and Level Annotations

Branches:
Dungeon (1/1)

Altars:
Ashenzari
Cheibriados
Dithmenos
Elyvilon
Fedhas
Gozag
Hepliaklqana
Kikubaaqudgha
Makhleb
Nemelex Xobeh
Okawaru
Qazlal
Ru
Sif Muna
Trog
Uskayaw
Vehumet
Wu Jian
Xom
Yredelemnul
Zin
The Shining One
Beogh
Jiyva
Lugonu

Annotations:
D Urug


Innate Abilities, Weirdness & Mutations

You reflexively headbutt those who attack you in melee.
You have a pair of horns on your head.


Message History

You hit the cyclops but do no damage. The cyclops hits you!
You hit the cyclops but do no damage.
You headbutt the cyclops, but do no damage.
Urug hits you with a great mace of crushing!!
* * * LOW HITPOINT WARNING * * *
x2 Unknown command.
Unknown command.
You slash the cyclops! You burn the cyclops.
The cyclops is moderately wounded.
The cyclops misses you.
You riposte.
You hit the cyclops but do no damage.
You headbutt the cyclops, but do no damage.
The cyclops is moderately wounded.
You slice the cyclops!! You burn the cyclops!
You kill the cyclops!
Okawaru is honoured by your kill.
You can now speed up your combat.
Okawaru will gift you equipment as your piety grows.
Your base Fighting skill increases to level 12!
Your base Armour skill increases to level 12!
Urug hits you with a great mace of crushing!
You die...

....'................+
#####......#..#......#
...##................#
##'#####'#####''######
...##.......##''#
...##.......##..##
'####.......##..(##
†..##...<...###.(.##+##.
...##.......# ##@.......
...##.......# #o(###+###
#####.......##.W## #..
##########..
#.############..
#.#....#...[###.
#)#†...#..[[# ##
#[)†)..'..))#
#'#....#..))#


You could see Urug and a phantom.

Vanquished Creatures
  A cyclops (D)
  6 dream sheep (D)
  A redback (D)
  An acid dragon (D)
  Duvessa (D)
  2 water moccasins (D)
  3 floating eyes (D)
  A porcupine (D)
  An ogre (D)
  Dowan (D)
  A hound (D)
  An orc priest (D)
  A worker ant (D)
  An ufetubus (D)
  A leopard gecko (D)
  3 orcs (D)
  A hobgoblin (D)
  3 jackals (D)
  2 ball pythons (D)
  A bat (D)
  A frilled lizard (D)
34 creatures vanquished.

Notes
Turn   | Place    | Note
-------+----------+-------------------------------------------
     0 | D        | potatolord6000 the Minotaur Fighter began the quest for the Orb.
     0 | D        | Reached XP level 1. HP: 19/19 MP: 0/0
    54 | D        | Found a bloodstained altar of Trog.
    54 | D        | Found a deep blue altar of Sif Muna.
    54 | D        | Found a viscous altar of Jiyva.
    54 | D        | Found a hazy altar of Hepliaklqana.
    54 | D        | Found an opulent altar of Gozag.
    55 | D        | Found a glowing golden altar of the Shining One.
    55 | D        | Found a glowing silver altar of Zin.
    55 | D        | Found a basalt altar of Yredelemnul.
    55 | D        | Found a shimmering altar of Xom.
    55 | D        | Found an ornate altar of the Wu Jian Council.
    55 | D        | Found a sacrificial altar of Ru.
    55 | D        | Found a stormy altar of Qazlal.
    55 | D        | Found an iron altar of Okawaru.
    55 | D        | Found a sparkling altar of Nemelex Xobeh.
    55 | D        | Found a burning altar of Makhleb.
    55 | D        | Found a blossoming altar of Fedhas.
    55 | D        | Found a white marble altar of Elyvilon.
    55 | D        | Found a shadowy altar of Dithmenos.
    55 | D        | Found a snail-covered altar of Cheibriados.
    57 | D        | Found a radiant altar of Vehumet.
    57 | D        | Found a corrupted altar of Lugonu.
    57 | D        | Found a roughly hewn altar of Beogh.
    59 | D        | Found an ancient bone altar of Kikubaaqudgha.
    59 | D        | Found a hide-covered altar of Uskayaw.
    59 | D        | Found a shattered altar of Ashenzari.
    63 | D        | Became a worshipper of Warmaster Okawaru
    80 | D        | Reached skill level 1 in Dodging
    80 | D        | Reached skill level 1 in Invocations
    80 | D        | Reached XP level 2. HP: 22/27 MP: 1/1
    94 | D        | Reached skill level 5 in Armour
    94 | D        | Reached XP level 3. HP: 14/35 MP: 1/3
   356 | D        | Noticed a floating eye
   357 | D        | Noticed a floating eye
   357 | D        | Noticed a floating eye
   358 | D        | Paralysed by a floating eye for 4 turns
   364 | D        | Killed a floating eye
   364 | D        | Reached * piety under Okawaru
   364 | D        | Reached skill level 5 in Long Blades
   364 | D        | Reached XP level 4. HP: 44/44 MP: 3/6
   365 | D        | Paralysed by a floating eye for 4 turns
   370 | D        | Killed a floating eye
   370 | D        | Reached skill level 5 in Dodging
   370 | D        | Reached skill level 5 in Invocations
   370 | D        | Reached XP level 5. HP: 52/52 MP: 3/7
   373 | D        | Killed a floating eye
   373 | D        | Reached ** piety under Okawaru
   373 | D        | Reached XP level 6. HP: 61/61 MP: 3/9
   455 | D        | Noticed a porcupine
   466 | D        | Killed a porcupine
   468 | D        | Noticed a water moccasin
   470 | D        | Reached XP level 7. HP: 38/69 MP: 10/10
   630 | D        | Reached *** piety under Okawaru
   651 | D        | Noticed Duvessa
   651 | D        | Noticed Dowan
   651 | D        | Noticed a redback
   651 | D        | Noticed a dream sheep
   651 | D        | Noticed a dream sheep
   651 | D        | Noticed a dream sheep
   651 | D        | Noticed a dream sheep
   651 | D        | Noticed a dream sheep
   651 | D        | Noticed a dream sheep
   657 | D        | Killed a dream sheep
   657 | D        | Reached skill level 10 in Fighting
   657 | D        | Reached skill level 10 in Armour
   657 | D        | Reached XP level 8. HP: 56/79 MP: 9/12
   659 | D        | Killed a dream sheep
   659 | D        | Reached skill level 10 in Long Blades
   666 | D        | Killed Duvessa
   667 | D        | Killed a dream sheep
   667 | D        | Reached **** piety under Okawaru
   683 | D        | Killed a dream sheep
   688 | D        | Killed a dream sheep
   688 | D        | Reached skill level 10 in Dodging
   688 | D        | Reached XP level 9. HP: 51/89 MP: 12/14
   697 | D        | Killed Dowan
   948 | D        | Noticed a cyclops
   949 | D        | Noticed Urug
   958 | D        | Killed a cyclops
   958 | D        | Reached ***** piety under Okawaru
   958 | D        | Slain by Urug

Vault maps used:
D:        pitsprint

Skill      XL: |  1  2  3  4  5  6  7  8  9 |
---------------+----------------------------+-----
Armour         | 4 5 6 7 8 10 11 12 | 12.0
Dodging        | 1 2 4 5 6 7 8 10 | 10.6
Fighting       | 4 6 7 8 10 11 12 | 12.0
Long Blades    | 3 4 5 6 7 8 9 11 | 11.7
Invocations    | 1 2 4 5 6 7 9 |  9.7
Shields        | |  3.6

Action                   |  1- 3 |  4- 6 |  7- 9 || total
-------------------------+-------+-------+-------++-------
Melee: Long sword        |    17 |    15 |    58 ||    90
       Headbutt          |     2 |     3 |    11 ||    16
       Punch             |       |       |     1 ||     1
Invok: Heroism           |       |       |     2 ||     2
  Use: Potion            |       |       |     5 ||     5
Armor: Scale mail        |     7 |       |       ||     7
       Chain mail        |       |     3 |    30 ||    33
Dodge: Dodged            |    12 |     4 |    27 ||    43
       Rpst.: Long sword |     2 |     1 |     9 ||    12

Table legend:
 A = Spawn XP
 B = Non-spawn XP
 C = Spawn XP percentage of total XP
 D = Spawn monster count
 E = Non-spawn monster count
 F = Spawn count percentage of total count
 G = Total turns spent on level
                    A         B        C        D         E        F      G
               +---------+---------+-------+---------+---------+-------+---------
         Total |       0 |    3772 |   0.0 |       0 |      34 |   0.0 |   958
               +---------+---------+-------+---------+---------+-------+---------
             D |       0 |    3772 |   0.0 |       0 |      34 |   0.0 |   958
               +---------+---------+-------+---------+---------+-------+---------
